 Dungeon Crawl Stone Soup version 0.24.0-125-gc4c63601f3 (webtiles) character file.

Game seed: 17681788394016103570, levelgen mode: deterministic

121529 Curus the Warrior (level 16, -4/237 HPs)
             Began as a Yellow Draconian Berserker on Mar 9, 2020.
             Was the Champion of Trog.
             Killed from afar by a deep troll earth mage (10 damage)
             ... with a blast of rock fragments
             ... on level 15 of the Dungeon on Mar 10, 2020.
             The game lasted 02:51:22 (27105 turns).

Curus the Warrior (Yellow Draconian Berserker)     Turns: 27105, Time: 02:51:23

Health: -4/237     AC: 23    Str: 27    XL:     16   Next: 32%
Magic:  0/20       EV: 23    Int:  8    God:    Trog [******]
Gold:   623        SH:  7    Dex: 15    Spells: 15/15 levels left

rFire    . . .     SeeInvis .   i - +4 trident (elec)
rCold    + . .     Gourm    .   X - +2 buckler {AC+3}
rNeg     + . .     Faith    .   (armour unavailable)
rPois    +         Spirit   +   F - +3 hat "Muqar" {rCorr Stlth+}
rElec    .         Reflect  .   U - +1 cloak {rPois}
rCorr    +         Harm     .   w - +2 pair of gloves
MR       .....                  c - +2 pair of boots
Stlth    ..........             S - amulet of guardian spirit
HPRegen  0.49/turn              T - ring of positive energy
MPRegen  0.17/turn              z - ring of protection from cold

@: berserking, vulnerable, very quick
A: spit acid, unfitting armour, horns 1, mutation resistance 1, acidic bite,
cold-blooded, acid resistance, AC +9
a: Breathe Acid, Berserk, Trog's Hand, Brothers in Arms, Renounce Religion


You were on level 15 of the Dungeon.
You worshipped Trog.
Trog was exalted by your worship.
You were hungry.

You visited 3 branches of the dungeon, and saw 23 of its levels.
You also visited: Ossuary, Gauntlet, Ice Cave and Volcano.

You collected 3350 gold pieces.
You spent 2727 gold pieces at shops.

Inventory:

Hand Weapons
 i - a +4 trident of electrocution (weapon)
 I - a +0 antimagic bardiche
 W - a +3 trident of freezing
Armour
 c - a +2 pair of boots (worn)
 w - a +2 pair of gloves (worn)
 A - a +2 hat
 F - the +3 hat "Muqar" (worn) {rCorr Stlth+}
   (You found it on level 3 of the Lair of Beasts)

   It provides partial protection from all sources of acid and corrosion.
   It makes you more stealthy.
 Q - a scarf of cloud immunity
 U - a +1 cloak of poison resistance (worn)
 X - a +2 buckler of protection (worn)
Jewellery
 h - an uncursed ring of resist corrosion
 s - a +3 ring of protection
 z - a ring of protection from cold (right hand)
 J - an uncursed ring of flight
 M - a +6 ring of evasion
 P - a cursed amulet of inaccuracy
 R - an uncursed ring of poison resistance
 S - an amulet of guardian spirit (around neck)
 T - a ring of positive energy (left hand)
 Z - an uncursed ring of ice
Wands
 a - a wand of disintegration (8)
 g - a wand of polymorph (28)
 j - a wand of random effects (17)
 p - a wand of iceblast (21)
 x - a wand of clouds (10)
 y - a wand of flame (43)
 D - a wand of scattershot (8)
 E - a wand of enslavement (28)
 L - a wand of acid (7)
 O - a wand of digging (5)
Scrolls
 d - 7 scrolls of remove curse
 e - 21 scrolls of identify
 f - 5 scrolls of enchant weapon
 o - 4 scrolls of fear
 r - 17 scrolls of teleportation
 B - 4 scrolls of blinking
 C - 2 scrolls of fog
 G - 4 scrolls of magic mapping
 H - a scroll of holy word
Potions
 k - 4 potions of flight
 l - 4 potions of haste
 m - 6 potions of brilliance
 n - 4 potions of berserk rage
 q - 9 potions of curing
 t - 2 potions of agility
 u - 3 potions of cancellation
 v - 3 potions of resistance
 K - a potion of might
 N - a potion of ambrosia
Comestibles
 b - 52 rations


   Skills:
 + Level 18.3 Fighting
   Level 5.6(10.7) Axes
 - Level 13.8(14.2) Polearms
 + Level 15.8 Dodging
 - Level 4.0 Shields
 - Level 6.1 Evocations


You had 15 spell levels left.
You didn't know any spells.
Your spell library was empty.

Dungeon Overview and Level Annotations

Branches:
Dungeon (15/15)            Temple (0/1) D:6            Lair (6/6) D:8
  Swamp (0/4) Lair:3       Spider (0/4) Lair:4        Slime (0/5) Lair:5
    Orc (2/2) D:10            Elf (0/3) Orc:2        Vaults (0/5) D:13
 Depths (0/5) D:15        Ossuary (visited)           IceCv (visited)
Volcano (visited)         Gauntlet (visited)

Altars:
Cheibriados
Fedhas
Makhleb
Nemelex Xobeh
Okawaru
Trog
Wu Jian
Xom
Zin
The Shining One
Jiyva

Shops:
D:5 *   D:13 (   D:14 [=:(?   Orc:2 [![*[=(

Annotations:
D:8 1 transporter
D:15 Roxanne


Innate Abilities, Weirdness & Mutations

You can spit globs of acid.
Your golden yellow scales are hard. (AC +9)
You cannot fit into any form of body armour.
You have acidic saliva.
You are cold-blooded and may be slowed by cold attacks.
You are resistant to acid. (rCorr)
You have a pair of small horns on your head.
You are somewhat resistant to further mutation.


Message History

The sphinx casts a spell.
Something smites you!
* * * LOW HITPOINT WARNING * * *
You block the phantasmal warrior's attack.
The moth of wrath goads the yaktaur captain on!
The yaktaur captain goes berserk!
The moth of wrath goads the manticore on!
The manticore goes berserk!
The phantasmal warrior hits you!
* * * LOW HITPOINT WARNING * * *
There is a huge open gate here.
You feel a strong urge to attack something.
The moth of wrath changes into a dream sheep!
The sphinx mumbles some strange words.
Something smites you!
* * * LOW HITPOINT WARNING * * *
The deep troll earth mage points next to you and mumbles some strange words.
Some rock shatters into small pieces.
The deep troll earth mage gestures at the phantasmal warrior while chanting.
The wall shatters!
The blast of rock fragments hits you!
You die...

#.......'++'++'++'# #.#
#.......'++....'+'####.#
#...(...'+'.($.'+'.....#
#.......'+'.[?.'+'.....#
#....().'+'....'+'.....#
#.......'HiTc''++'##...#
#.......'GCWD'+++'##...###
#.......'WcTHY''''##......
#........@.#.#######......
#.........#.## #......
#.......... # #......
#####.....## #......
#.....# #...(..
#.....##### #......
#.........######......
#.....................
#.....................


You could see a fire giant, 2 sphinxes, 2 yaktaur captains, a five-headed hydra,
2 phantasmal warriors, 2 deep troll earth magi, a spriggan, a dream sheep shaped
shifter and a floating eye shaped shifter.

Vanquished Creatures
  Jorgrun (Orc:2)
  Agnes (D:15)
  A fire giant (D:15)
  An orc warlord (Orc:2)
  Nessos (D:14)
  A white draconian (IceCv)
  Snorg (D:14)
  A minotaur (Gauntlet)
  The ghost of fritzmikael the Reanimator, a journeyman DDNe of Makhleb (Orc:1)
  3 vault guards (D:13)
  A yaktaur captain (D:15)
  Harold (D:7)
  4 centaur warriors
  A catoblepas (Gauntlet)
  11 hydras
  The ghost of Loryin the Thaumaturge, a journeyman GnVM of Ashenzari (D:11)
  3 two-headed ogres
  A tengu warrior (D:14)
  6 death yaks
  Urug (D:11)
  6 orc high priests
  A wretched star (Gauntlet)
  A sixfirhy (Gauntlet)
  2 skeletal warriors (Volcano)
  A fire crab (Lair:6)
  4 wizards
  2 anaconda skeletons (Volcano)
  A deep elf archer (D:15)
  A harpy (shapeshifter) (D:14)
  The ghost of LambertSimnel the Covert, a novice OpVM of Elyvilon (D:8)
  9 orc knights
  2 orc sorcerers
  A manticore (D:15)
  4 cyclopes
  23 elephants
  4 black mambas
  An ice statue (IceCv)
  8 gargoyles
  9 spiny frogs
  4 centaur skeletons
  5 rime drakes
  5 kobold demonologists
  12 komodo dragons
  An efreet (D:15)
  A freezing wraith (D:15)
  2 tengu conjurers (D:15)
  3 trolls
  25 polar bears
  A jumping spider (Lair:4)
  3 meliai (D:15)
  A harpy skeleton (Volcano)
  11 slime creatures
  14 blink frogs
  Grinder (D:3)
  5 raiju (Lair:6)
  5 dream sheep (Lair:5)
  10 hippogriffs
  A meliai zombie (D:12)
  2 flying skulls (Volcano)
  An alligator skeleton (Volcano)
  4 wyverns
  A shadow (D:11)
  50 yaks
  3 hungry ghosts
  2 small abominations (Gauntlet)
  4 basilisks
  A steam dragon (D:8)
  17 humans (D:13)
  Menkaure (Ossuary)
  4 vampire mosquitoes (D:15)
  5 wargs
  6 acid dragons
  6 porcupines
  12 hell hounds (Lair:6)
  14 water moccasins
  2 swamp drakes
  37 orc warriors
  An ice beast (D:15)
  11 black bears (Lair:6)
  4 phantoms
  4 boggarts (D:15)
  6 sky beasts
  2 eyes of draining
  30 wolves
  11 ogres
  23 centaurs
  14 crocodiles
  5 big kobolds
  A wyvern zombie (D:12)
  11 bullfrogs
  2 scorpions
  A wyvern skeleton (D:12)
  8 killer bees
  3 troll zombies (D:10)
  3 wights (D:10)
  3 spriggan skeletons (Volcano)
  2 troll skeletons (Volcano)
  An electric eel (D:10)
  4 crimson imps
  2 howler monkeys
  10 jellies
  A bullfrog zombie (D:13)
  4 centaur zombies
  3 quasits (D:9)
  34 orc priests
  Crazy Yiuf (D:7)
  6 hounds
  17 orc wizards
  A gnoll shaman (D:6)
  10 iguanas
  Jessica (D:3)
  3 bullfrog skeletons
  Natasha (D:3)
  Terence (D:3)
  10 worker ants
  3 ogre zombies (D:10)
  2 hound zombies
  2 naga skeletons (Volcano)
  4 mummies
  2 howler monkey zombies
  3 worker ant zombies
  17 gnolls
  A howler monkey skeleton (D:8)
  16 adders
  5 shadow imps
  4 ufetubi (Gauntlet)
  An ooze (D:6)
  An adder zombie (D:5)
  4 adder skeletons
  2 worms
  2 dart slugs
  2 leopard geckos
  77 orcs
  A giant cockroach (D:6)
  8 gnoll zombies (Ossuary)
  6 goblins
  11 hobgoblins
  6 jackals
  23 kobolds
  3 quokkas
  2 ball pythons
  7 bats
  A frilled lizard (D:2)
  6 gnoll skeletons (Ossuary)
  3 goblin skeletons
  2 goblin zombies
  8 hobgoblin skeletons
  7 hobgoblin zombies
  A jackal skeleton (D:5)
  6 kobold skeletons (Ossuary)
  3 kobold zombies (Ossuary)
  2 orc skeletons
  17 orc zombies
  2 quokka skeletons
  A quokka zombie (D:8)
  5 rats
  3 rat skeletons (Ossuary)
  3 rat zombies (Ossuary)
  2 plants (Lair:6)
947 creatures vanquished.

Vanquished Creatures (collateral kills)
  An orc knight (Orc:2)
  A centaur skeleton (D:7)
  3 orcs
5 creatures vanquished.

Vanquished Creatures (others)
  An orc sorcerer (D:11)
  A polar bear (IceCv)
  A flying skull (Volcano)
  A wolf (IceCv)
  A bullfrog (D:11)
  An orc (Orc:1)
  2 jackals (D:3)
  A goblin skeleton (Ossuary)
  A bush (Lair:2)
  10 fungi
  22 plants
42 creatures vanquished.

Grand Total: 994 creatures vanquished

Notes
Turn   | Place    | Note
-------+----------+-------------------------------------------
     0 | D:1      | Curus the Draconian Berserker began the quest for the Orb.
     0 | D:1      | Reached XP level 1. HP: 19/19 MP: 1/1
    86 | D:1      | Reached XP level 2. HP: 12/26 MP: 2/2
   669 | D:2      | Reached XP level 3. HP: 30/31 MP: 3/3
  1532 | D:2      | Reached ** piety under Trog
  2034 | D:3      | Reached skill level 5 in Axes
  2034 | D:3      | Reached XP level 4. HP: 32/38 MP: 4/4
  2129 | D:3      | Noticed Terence
  2153 | D:3      | Killed Terence
  2236 | D:3      | Noticed Grinder
  2249 | D:3      | Killed Grinder
  2249 | D:3      | Reached XP level 5. HP: 45/45 MP: 5/5
  2249 | D:3      | Reached XP level 6. HP: 51/51 MP: 6/6
  2383 | D:3      | Noticed Jessica
  2388 | D:3      | Killed Jessica
  2474 | D:3      | Noticed Natasha
  2483 | D:3      | Killed Natasha
  2667 | D:4      | Found a sand-covered staircase.
  2681 | Ossuary  | Entered an ossuary
  2719 | Ossuary  | Reached *** piety under Trog
  2894 | Ossuary  | Reached **** piety under Trog
  2921 | Ossuary  | Reached skill level 5 in Polearms
  2954 | Ossuary  | Noticed Menkaure
  2968 | Ossuary  | Killed Menkaure
  2968 | Ossuary  | Your scales start taking on a golden yellow colour.
  2968 | Ossuary  | Reached XP level 7. HP: 16/57 MP: 7/7
  2968 | Ossuary  | Gained mutation: You are resistant to acid. (rCorr) [Yellow
                  | Draconian growth]
  3802 | D:5      | Entered Level 5 of the Dungeon
  3885 | D:5      | Found a blossoming altar of Fedhas.
  3916 | D:5      | Reached XP level 8. HP: 63/63 MP: 8/8
  4111 | D:5      | Found Qeuhiac's Lightly-Used Armoury.
  4211 | D:5      | Found a blossoming altar of Fedhas.
  4213 | D:5      | Found a snail-covered altar of Cheibriados.
  4213 | D:5      | Found a glowing silver altar of Zin.
  4667 | D:6      | Received a gift from Trog
  5057 | D:6      | Found a staircase to the Ecumenical Temple.
  5159 | D:6      | Found an iron altar of Okawaru.
  5173 | D:6      | Reached skill level 10 in Polearms
  5493 | D:7      | Reached ***** piety under Trog
  5587 | D:7      | Reached XP level 9. HP: 60/70 MP: 9/9
  5671 | D:7      | Noticed Harold
  5685 | D:7      | HP: 5/105 [Harold/+2 long sword of slicing (1)]
  5686 | D:7      | HP: 1/105 [orc wizard/cursed -3 dagger (4)]
  5691 | D:7      | HP: 2/70 [Harold/+2 long sword of slicing (6)]
  5707 | D:7      | Killed Harold
  5707 | D:7      | Received a gift from Trog
  6215 | D:7      | Found a runed translucent door.
  6216 | D:7      | Noticed Crazy Yiuf
  6223 | D:7      | Killed Crazy Yiuf
  6282 | D:7      | Gained mutation: You have a pair of small horns on your
                  | head. [potion of mutation]
  6282 | D:7      | Gained mutation: You are somewhat resistant to further
                  | mutation. [potion of mutation]
  6438 | D:8      | Found a sparkling altar of Nemelex Xobeh.
  6438 | D:8      | Found a transporter.
  6438 | D:8      | Noticed a fire dragon
  6570 | D:8      | Reached XP level 10. HP: 77/77 MP: 10/10
  6884 | D:8      | Found a staircase to the Lair.
  6892 | Lair:1   | Entered Level 1 of the Lair of Beasts
  6927 | Lair:1   | Reached skill level 4 in Fighting
  6965 | Lair:1   | Reached skill level 5 in Fighting
  7071 | Lair:1   | Noticed a spiny frog
  7082 | Lair:1   | Killed a spiny frog
  7082 | Lair:1   | Reached skill level 6 in Fighting
  7082 | Lair:1   | Reached skill level 5 in Dodging
  7222 | Lair:1   | Reached skill level 7 in Fighting
  7521 | Lair:1   | Reached XP level 11. HP: 91/92 MP: 11/11
  7939 | Lair:2   | Noticed an eight-headed hydra
  7940 | Lair:2   | Reached skill level 8 in Fighting
  7972 | Lair:2   | Killed an eight-headed hydra
  8025 | Lair:2   | Reached skill level 9 in Fighting
  8109 | Lair:2   | Found a dark tunnel.
  8117 | Volcano  | Entered a volcano
  8171 | Volcano  | Noticed a skeletal warrior
  8190 | Volcano  | Killed a skeletal warrior
  8202 | Volcano  | HP: 1/148 [gargoyle/stone arrow (16)]
  8437 | Volcano  | Reached skill level 10 in Fighting
  8501 | Volcano  | Noticed a skeletal warrior
  8524 | Volcano  | Killed a skeletal warrior
  9327 | Lair:2   | Reached XP level 12. HP: 108/108 MP: 12/12
  9666 | Lair:3   | Found a staircase to the Swamp.
  9832 | Lair:3   | Noticed a six-headed hydra
  9837 | Lair:3   | Killed a six-headed hydra
  9837 | Lair:3   | Reached skill level 11 in Fighting
  9882 | Lair:3   | Got a pitted hat
  9888 | Lair:3   | Identified the +3 hat "Muqar" {rCorr Stlth+} (You found it
                  | on level 3 of the Lair of Beasts)
 10159 | Lair:3   | Noticed a seven-headed hydra
 10166 | Lair:3   | Killed a seven-headed hydra
 10233 | Lair:3   | Reached skill level 10 in Dodging
 10331 | Lair:4   | Found a gate leading to a gauntlet.
 10335 | Gauntlet | Entered a Gauntlet
 10335 | Gauntlet | Found a transporter.
 10345 | Gauntlet | Found a transporter.
 10360 | Gauntlet | Found a transporter.
 10365 | Gauntlet | Found a transporter.
 10380 | Gauntlet | Found a transporter.
 10399 | Gauntlet | Found a transporter.
 10404 | Gauntlet | Identified the cursed +1 hand axe "Titikor" {venom, *Drain
                  | rPois rF+++ MP+9}
 10412 | Gauntlet | Found a transporter.
 10418 | Gauntlet | Found a transporter.
 10433 | Gauntlet | Found a transporter.
 10445 | Gauntlet | Found a transporter.
 10457 | Gauntlet | Found a transporter.
 10474 | Gauntlet | Found a transporter.
 10492 | Gauntlet | Found a transporter.
 10494 | Gauntlet | Found a transporter.
 10518 | Gauntlet | Noticed a catoblepas
 10539 | Gauntlet | Found a transporter.
 10539 | Gauntlet | Found a transporter.
 10595 | Gauntlet | Noticed a two-headed ogre
 10595 | Gauntlet | a faun changed into a two-headed ogre
 10629 | Gauntlet | Found a transporter.
 10651 | Gauntlet | Found a transporter.
 10754 | Gauntlet | Killed a catoblepas
 11031 | Gauntlet | Reached skill level 12 in Fighting
 11274 | Gauntlet | Noticed a minotaur
 11292 | Gauntlet | Killed a minotaur
 11768 | Lair:4   | Noticed a six-headed hydra
 11912 | Lair:4   | Killed a six-headed hydra
 11912 | Lair:4   | Reached skill level 13 in Fighting
 11917 | Lair:4   | Reached XP level 13. HP: 55/122 MP: 13/13
 12536 | Lair:4   | Found a hole to the Spider Nest.
 13444 | Lair:5   | Reached skill level 14 in Fighting
 13798 | Lair:5   | Reached ****** piety under Trog
 13798 | Lair:5   | Received a gift from Trog
 14211 | Lair:5   | Found a viscous altar of Jiyva.
 14212 | Lair:5   | Found a staircase to the Slime Pits.
 14413 | Lair:6   | Entered Level 6 of the Lair of Beasts
 14617 | Lair:6   | Reached skill level 15 in Fighting
 14655 | Lair:6   | Gained mutation: You have acidic saliva. [Yellow Draconian
                  | growth]
 14655 | Lair:6   | Reached XP level 14. HP: 99/135 MP: 14/14
 14705 | Lair:6   | Received a gift from Trog
 17211 | D:8      | Found a runed translucent gate.
 17211 | D:8      | Found a runed translucent gate.
 17213 | D:8      | Found a runed translucent gate.
 17249 | D:8      | Noticed LambertSimnel's ghost (novice OpVM)
 17251 | D:8      | Found a viscous altar of Jiyva.
 17303 | D:8      | Found a glowing golden altar of the Shining One.
 17303 | D:8      | Found an ornate altar of the Wu Jian Council.
 17304 | D:8      | Found a shimmering altar of Xom.
 17307 | D:8      | Found an iron altar of Okawaru.
 17309 | D:8      | Found a bloodstained altar of Trog.
 17460 | D:8      | Reached skill level 16 in Fighting
 17478 | D:8      | Killed LambertSimnel's ghost
 17688 | D:9      | Received a gift from Trog
 18159 | D:10     | Entered Level 10 of the Dungeon
 18365 | D:10     | Found a staircase to the Orcish Mines.
 18476 | Orc:1    | Entered Level 1 of the Orcish Mines
 18591 | Orc:2    | Entered Level 2 of the Orcish Mines
 18597 | Orc:2    | Noticed Jorgrun
 18614 | Orc:2    | Killed Jorgrun
 18614 | Orc:2    | Reached skill level 1 in Shields
 18614 | Orc:2    | Reached skill level 1 in Evocations
 18699 | Orc:2    | Found Iruthry's Jewellery Boutique.
 18709 | Orc:2    | Bought a cursed amulet of inaccuracy for 32 gold pieces
 18709 | Orc:2    | Bought an uncursed ring of poison resistance for 320 gold
                  | pieces
 18709 | Orc:2    | Bought an uncursed amulet of guardian spirit for 480 gold
                  | pieces
 18736 | Orc:2    | Found Eti Xoa's Antique Armour Shoppe.
 18743 | Orc:2    | Bought a pair of glowing boots for 202 gold pieces
 18775 | Orc:2    | Found a burning altar of Makhleb.
 18801 | Orc:2    | Found Qoqatexza's Antique Weapon Emporium.
 18801 | Orc:2    | Found a staircase to the Elven Halls.
 18968 | Orc:1    | Received a gift from Trog
 18973 | Orc:1    | Noticed an orc warlord
 19202 | Orc:2    | HP: 5/137 [orc knight/+0 bardiche (10)]
 20112 | Orc:2    | Reached XP level 15. HP: 82/144 MP: 17/17
 20244 | Orc:2    | Found Isiull's Armour Shoppe.
 20246 | Orc:2    | Found Vyuckedo's Antique Armour Emporium.
 20246 | Orc:2    | Found Haimn's Distillery.
 20247 | Orc:2    | Found Raxze's General Store.
 20253 | Orc:2    | Bought a scarf of cloud immunity for 126 gold pieces
 20257 | Orc:2    | Bought a scroll of teleportation for 39 gold pieces
 20258 | Orc:2    | Bought a runed cloak for 232 gold pieces
 20258 | Orc:2    | Bought a pair of runed boots for 232 gold pieces
 20405 | Orc:1    | Received a gift from Trog
 20457 | Orc:2    | Killed an orc warlord
 20457 | Orc:2    | Reached skill level 5 in Evocations
 21203 | Orc:1    | Found a large runed translucent door.
 21203 | Orc:1    | Found a large runed translucent door.
 21249 | Orc:1    | Noticed fritzmikael's ghost (journeyman DDNe)
 21268 | Orc:1    | Killed fritzmikael's ghost
 21850 | D:11     | Found a transporter.
 21929 | D:11     | Received a gift from Trog
 21997 | D:11     | Noticed Loryin's ghost (journeyman GnVM)
 21999 | D:11     | Found a transporter.
 22001 | D:11     | Found a transporter.
 22007 | D:11     | Found a transporter.
 22027 | D:11     | Noticed Urug
 22051 | D:11     | Killed Urug
 22240 | D:11     | Found a frozen archway.
 22262 | IceCv    | Entered an ice cave
 22725 | IceCv    | Received a gift from Trog
 23494 | D:11     | Reached skill level 17 in Fighting
 23496 | D:11     | Paralysed by an orc sorcerer for 4 turns
 23963 | D:11     | Killed Loryin's ghost
 24740 | D:13     | Received a gift from Trog
 24767 | D:13     | Found Fasetir's Antique Weapon Shop.
 25047 | D:13     | Reached skill level 15 in Dodging
 25391 | D:13     | Found a gate to the Vaults.
 25555 | D:14     | Found Gosur's Book Boutique.
 25556 | D:14     | Noticed Snorg
 25567 | D:14     | Killed Snorg
 25581 | D:14     | Noticed Nessos
 25594 | D:14     | Killed Nessos
 25643 | D:14     | Found Unuamnobb's Magic Scroll Boutique.
 25648 | D:14     | Bought a scroll of acquirement for 728 gold pieces
 25648 | D:14     | Bought a scroll of teleportation for 42 gold pieces
 25648 | D:14     | Bought a scroll of teleportation for 42 gold pieces
 25648 | D:14     | Bought a scroll of teleportation for 42 gold pieces
 25669 | D:14     | Found Aniuq's Weapon Shoppe.
 25737 | D:14     | Found Rint's Antique Armour Boutique.
 25841 | D:14     | Found Liokhlimu's Jewellery Boutique.
 25915 | D:14     | Reached XP level 16. HP: 142/157 MP: 18/20
 26100 | D:14     | Bought a glowing hat for 210 gold pieces
 26140 | D:15     | Entered Level 15 of the Dungeon
 26445 | D:15     | Reached skill level 18 in Fighting
 26514 | D:15     | Noticed Agnes
 26533 | D:15     | Killed Agnes
 26533 | D:15     | Received a gift from Trog
 26629 | D:15     | Found a huge runed gate.
 26629 | D:15     | Found a huge runed gate.
 26629 | D:15     | Found a huge runed gate.
 26631 | D:15     | Found a huge runed gate.
 26633 | D:15     | Found a huge runed gate.
 26643 | D:15     | Found a huge runed gate.
 26644 | D:15     | Found a huge runed gate.
 26648 | D:15     | Found a huge runed gate.
 26648 | D:15     | Found a huge runed gate.
 26649 | D:15     | Found a huge runed gate.
 26649 | D:15     | Found a huge runed gate.
 26649 | D:15     | Found a huge runed gate.
 26649 | D:15     | Found a huge runed gate.
 26649 | D:15     | Found a huge runed gate.
 26650 | D:15     | Found a huge runed gate.
 26665 | D:15     | Found a huge runed gate.
 26666 | D:15     | Found a huge runed gate.
 26667 | D:15     | Found a huge runed gate.
 26668 | D:15     | Found a huge runed gate.
 26669 | D:15     | Found a huge runed gate.
 26670 | D:15     | Found a huge runed gate.
 26671 | D:15     | Found a huge runed gate.
 26672 | D:15     | Found a huge runed gate.
 26673 | D:15     | Found a huge runed gate.
 26705 | D:15     | Found a huge runed gate.
 26705 | D:15     | Found a huge runed gate.
 26710 | D:15     | Identified Roxanne's Handbook of the Moneychanger
 26710 | D:15     | Noticed Roxanne
 26839 | D:15     | Found a staircase to the Depths.
 27085 | D:15     | Noticed a sphinx
 27086 | D:15     | Noticed a sphinx
 27100 | D:15     | Paralysed by a floating eye for 3 turns
 27105 | D:15     | HP: 6/237 [sphinx/divine providence (13)]
 27105 | D:15     | Killed from afar by a deep troll earth mage

Levels and vault maps discovered:
D:1:      dpeg_arrival_tiny_k, layout_rooms
D:2:      layout_basic
D:3:      layout_rooms, lemuel_old_faithful, uniq_jessica, uniq_natasha,
          uniq_terence, uniq_grinder
D:4:      layout_basic, first_ration, gup_ossuary_entry_pyramid,
          corexii_mini_fake_secret_closet
D:5:      layout_basic, overflow_temple_1_default, grunt_temple_overflow_open,
          basic_altar, minmay_shop_damaged
D:6:      layout_cave_pods, minmay_temple_entry_offerings,
          kennysheep_okawaru_gauntlet
D:7:      layout_rooms, grunt_decor_resistance, uniq_crazy_yiuf_cottage,
          uniq_harold
D:8:      layout_loops_ring, minitemple, lair_entry_dummy, gammafunk_ghost_ooze,
          grunt_nemelex_the_gamble
D:9:      layout_loops_ring, blue_anna_alchemist [blue_anna_fruit_fields,
          blue_anna_fruit_fields]
D:10:     layout_basic, zombieorc1_lemuel
D:11:     gammafunk_wand_slinger, layout_basic, gammafunk_ghost_arena,
          portal_ice_cave_entry_pillars_1, uniq_urug
D:12:     layout_long_grid
D:13:     layout_basic, grunt_vaults_entry_tiered, serial_shops, shop,
          serial_glass, glass_columns_a, glass_columns_b
D:14:     layout_cave_pools, dk_noncrumbling_2, serial_shops, shop, shop, shop,
          nicolae_shop_behind_doors, kennysheep_little_box, uniq_nessos,
          uniq_snorg
D:15:     grunt_enter_depths_snipers, layout_irregular_city, door_vault,
          uniq_agnes, uniq_roxanne
Lair:1:   layout_loops_ring, beast_lair_carwin_8
Lair:2:   layout_chaotic_city, lightli_volcano_entry_magma_tube,
          serial_bayou_shore_a
Lair:3:   layout_chaotic_city, minmay_swamp_entry_reptiles
Lair:4:   layout_hall_layers, spider_nest_entry_rubble, gauntlet_entry_generic,
          serial_bayou_shore_b, lemuel_fruit_fields, lemuel_fruit_tree,
          infiniplex_staircase_pool
Lair:5:   layout_small_grid, dpeg_slime_entry_enclosed_altar
Lair:6:   guppyfry_lair_end_dragon, layout_concentric_octagons,
          hangedman_lair_caniforms_friends
Orc:1:    layout_diamond_mine, ebering_ghost_disaster_area
Orc:2:    st_orc_pillars, layout_caves, serial_shops, shop, shop, shop,
          basic_altar, uniq_jorgrun

Skill      XL: |  1  2  3  4  5  6  7  8  9 10 11 12 13 14 15 16 |
---------------+-------------------------------------------------+-----
Axes           | 4 5 |  5.6
Polearms       | 3 5 7 10 13 | 13.8
Dodging        | 6 9 11 13 14 15 | 15.8
Fighting       | 7 10 13 15 16 17 18 | 18.3
Shields        | 3 4 |  4.0
Evocations     | 3 6 |  6.1

Action                   |  1- 3 |  4- 6 |  7- 9 | 10-12 | 13-15 | 16-18 || total
-------------------------+-------+-------+-------+-------+-------+-------++-------
Melee: Hand axe          |   143 |    33 |       |       |       |       ||   176
       Tailslap          |    14 |    22 |    34 |    97 |   312 |    29 ||   508
       Trident           |       |   160 |   319 |   623 |  2015 |   233 ||  3350
       Headbutt          |       |       |     6 |   147 |   426 |    42 ||   621
       Bite              |       |       |       |       |   175 |    22 ||   197
Invok: Berserk           |       |     3 |     1 |     6 |     7 |     3 ||    20
       Trog's Hand       |       |     1 |       |       |       |       ||     1
       Brothers in Arms  |       |       |     1 |     1 |     1 |       ||     3
 Abil: Breathe Acid      |       |       |     1 |     2 |     8 |       ||    11
       Evoke Flight      |       |       |       |       |     5 |       ||     5
Evoke: Wand              |       |       |       |       |     4 |     1 ||     5
  Use: Potion            |     3 |     3 |     8 |     2 |     1 |       ||    17
       Scroll            |     5 |     1 |     9 |     4 |     9 |     1 ||    29
 Stab: Sleeping          |     1 |       |     3 |     4 |    33 |     5 ||    46
       Distracted        |       |     1 |       |     1 |     4 |       ||     6
       Confused          |       |       |       |     1 |     5 |       ||     6
  Eat: Chunk             |     3 |     5 |     8 |    13 |    37 |     3 ||    69
       Ration            |       |       |     2 |     3 |     6 |     1 ||    12
Armor: Skin              |    53 |    38 |    89 |   120 |   419 |    60 ||   779
Dodge: Dodged            |    84 |    75 |   166 |   237 |  1304 |   190 ||  2056
Block: Buckler           |       |       |     1 |    39 |   353 |    63 ||   456
